AoeStats
← OFA

Arena

506659651Analyzed
3v3 RM · 17d ago on Sep 14, 2026· 55m 33s· 6 players
Game mode
Random Map
Map size
Normal (6 player)
Population
200
Speed
Normal
Resources
Standard
Victory
Conquest
Starting age
Dark Age
Ending age
Imperial Age
RankedLock teamsTeams togetherTeam positionsShared explorationLock speedFull tech treeHidden civsTurbo modeCheats
Victory
Defeat
🇨🇳 Berbers · China
1111
+13
🇹🇷 Teutons · Türkiye
1084
+15
🇦🇹 Goths · Austria
1050
+16
1106
-17
🇪🇸 Celts · Spain
1102
-16
🇪🇸 Burgundians · Spain
948
-11
OFA
0:28 Loom
11:12 Feudal Age
16:39 Castle Age
15:00 Horse Collar
15:07 Double-Bit Axe
19:21 Forging
25:18 Heavy Plow
28:15 Wheelbarrow
31:12 Padded Archer Armor
31:02 Fletching
32:29 Hand Cart
36:26 Imperial Age
36:37 Imperial Age
34:38 Bloodlines
36:57 Onager
39:34 Crop Rotation
39:15 Bow Saw
38:47 Cavalier
40:07 Gold Mining
41:29 Siege Onager
44:30 Paladin
48:34 Scale Barding Armor
48:29 Scale Mail Armor
49:04 Iron Casting
48:45 Leather Archer Armor
48:20 Fletching
49:58 Pikeman
52:25 Chemistry
51:46 Ballistics
53:16 Chain Mail Armor
53:21 Chain Barding Armor
54:01 Blast Furnace
53:33 Ring Archer Armor
52:58 Bodkin Arrow
54:49 Conscription
54:41 Halberdier
55:22 Squires
228811348
2:35 Loom
12:37 Feudal Age
15:17 Wheelbarrow
14:36 Double-Bit Axe
17:00 Castle Age
15:14 Gold Mining
15:34 Stone Mining
16:05 Fletching
16:47 Padded Archer Armor
19:06 Bow Saw
20:02 Bodkin Arrow
20:05 Horse Collar
23:55 Heavy Plow
25:03 Kasbah
26:29 Bodkin Arrow
27:06 Bloodlines
27:36 Leather Archer Armor
28:21 Hand Cart
29:27 Ballistics
30:06 Gold Shaft Mining
30:08 Stone Shaft Mining
31:49 Husbandry
35:03 Imperial Age
33:51 Town Watch
35:11 Onager
36:57 Chemistry
36:03 Siege Engineers
36:44 Crop Rotation
36:31 Bracer
37:36 Conscription
39:14 Maghrebi Camels
39:41 Scale Barding Armor
39:47 Forging
40:48 Heavy Camel Rider
42:15 Elite Camel Archer
43:58 Masonry
45:20 Ring Archer Armor
45:01 Forging
45:12 Chain Barding Armor
47:16 Guilds
46:57 Light Cavalry
55:18 Iron Casting
55:19 Plate Barding Armor
Reticulum
1:06 Loom
10:42 Feudal Age
11:15 Horse Collar
11:24 Double-Bit Axe
16:08 Castle Age
15:13 Stone Mining
21:08 Man-at-Arms
25:15 Forging
24:45 Long Swordsman
30:52 Fletching
38:12 Imperial Age
36:13 Squires
36:18 Scale Mail Armor
37:13 Heavy Plow
37:31 Bow Saw
39:05 Anarchy
39:06 Perfusion
38:29 Two-Handed Swordsman
39:59 Pikeman
41:03 Gold Mining
41:26 Champion
43:24 Chain Mail Armor
45:08 Iron Casting
45:02 Conscription
45:12 Halberdier
48:39 Elite Huskarl
51:43 Blast Furnace
52:56 Two-Man Saw
52:29 Crop Rotation
55:36 Stone Shaft Mining
King Castilla
6:30 Loom
10:42 Feudal Age
15:07 Castle Age
13:01 Double-Bit Axe
16:16 Wheelbarrow
21:11 Horse Collar
25:00 Hand Cart
27:14 Bow Saw
26:56 Gold Mining
31:45 Imperial Age
29:01 Town Watch
31:12 Gold Shaft Mining
30:38 Heavy Plow
31:42 Ballistics
32:15 Town Patrol
32:15 Heavy Scorpion
35:10 Chemistry
38:23 Guard Tower
38:44 Fortified Wall
38:29 Murder Holes
38:34 Light Cavalry
39:49 Hussar
41:10 Forging
41:05 Scale Barding Armor
42:29 Furor Celtica
43:56 Chain Barding Armor
44:11 Iron Casting
TengoLaMejorNoviaDelMundo
10:36 Feudal Age
10:51 Loom
14:27 Castle Age
19:47 Fletching
21:36 Horse Collar
24:54 Heavy Plow
29:37 Imperial Age
26:53 Pikeman
29:25 Chemistry
29:28 Squires
30:32 Wagenburg Tactics
30:51 Double-Bit Axe
32:18 Wheelbarrow
33:42 Halberdier
37:29 Hand Cart
38:07 Bow Saw
41:17 Town Watch
42:18 Conscription
42:13 Bodkin Arrow
42:19 Padded Archer Armor
43:50 Town Patrol
47:15 Bracer
MissingNewG01
6:40 Loom
12:18 Feudal Age
17:47 Castle Age
16:31 Forging
16:33 Horse Collar
16:50 Double-Bit Axe
17:56 Bow Saw
18:05 Scale Barding Armor
18:32 Cavalier
20:47 Wheelbarrow
20:17 Husbandry
20:20 Crossbowman
21:29 Padded Archer Armor
25:31 Town Watch
27:26 Heavy Plow
27:53 Ballistics
27:55 Leather Archer Armor
27:30 Fletching
30:34 Town Patrol
39:36 Hand Cart
42:07 Imperial Age
43:13 Onager
44:35 Chain Barding Armor
44:50 Iron Casting
47:34 Plate Barding Armor
48:00 Blast Furnace
Connection lost

Rejoining the realm…

Still unreachable

The connection could not be restored.

Session expired

The server has moved on; the page needs a fresh start.